 Dungeon Crawl Stone Soup version 0.27.1 (webtiles) character file.

Game seed: 18251129190801686673

39795 Atelerd the Covert (level 14, 0/105 HPs)
             Began as an Octopode Earth Elementalist on Sept 3, 2021.
             Was a High Priest of Sif Muna.
             Slain by an orc warrior (23 damage)
             ... on level 2 of the Orcish Mines.
             The game lasted 00:53:08 (27770 turns).

Atelerd the Covert (Octopode Earth Elementalist)   Turns: 27770, Time: 00:53:09

Health: 0/105      AC: 27    Str:  8    XL:     14   Next: 8%
Magic:  15/48      EV: 19    Int: 33    God:    Sif Muna [*****.]
Gold:   716        SH:  0    Dex: 13    Spells: 9/37 levels left

rFire    . . .     SeeInvis +   r - +2 dagger (drain)
rCold    . . .     Faith    +   (no shield)
rNeg     + + .     Spirit   .   (helmet restricted)
rPois    ∞         Reflect  .   q - amulet of faith
rElec    +         Harm     .   o - ring of wizardry
rCorr    .         Rampage  .   p - ring of see invisible
Will     ++...                  v - +6 ring of intelligence
Stlth    ++++++....             S - ring of magical power
HPRegen  0.27/turn              I - ring "Jejel" {Will+ MP+9}
MPRegen  0.31/turn              L - ring of positive energy
                                M - +4 ring of evasion
                                Q - +6 ring of intelligence

@: about to teleport, statue-form, very slightly contaminated, very slow
A: slow and powerful, torment resistance 1, boosted hp, almost no armour,
amphibious, 8 rings, camouflage 1, (gelatinous body 1), (nimble swimmer 1),
tentacles
a: End Transformation, Renounce Religion, Channel Magic, Forget Spell, Divine
Exegesis


You were on level 2 of the Orcish Mines.
You worshipped Sif Muna.
Sif Muna was extremely pleased with you.
You were a living statue of rough stone.
You visited 4 branches of the dungeon, and saw 20 of its levels.

You collected 1797 gold pieces.
You spent 1081 gold pieces at shops.

Inventory:

Hand Weapons
 f - a +0 dagger
 r - a +2 dagger of draining (weapon)
 E - the +10 shortbow of Plog {freeze, Str+4 SInv}
   (You found it on level 7 of the Dungeon)

   Any ammunition fired from it freezes those it strikes, dealing additional
   cold damage.
   It can also slow down cold-blooded creatures.
   Str:       It affects your strength (+4).
   SInv:      It lets you see invisible.
 J - a +1 short sword of speed
Missiles
 b - 542 stones
Jewellery
 l - an amulet of magic regeneration
 o - a ring of wizardry (left tentacle)
 p - a ring of see invisible (right tentacle)
 q - an amulet of faith (around mantle)
 v - a +6 ring of intelligence (on tentacle)
 D - a ring of resist corrosion
 G - an amulet of guardian spirit
 I - the ring "Jejel" (on tentacle) {Will+ MP+9}
   (You bought it in a shop on level 5 of the Dungeon)

   [ring of magical power]

   MP:        It affects your magic capacity (+9).
   Will:      It increases your willpower.
 L - a ring of positive energy (on tentacle)
 M - a +4 ring of evasion (on tentacle)
 Q - a +6 ring of intelligence (on tentacle)
 S - a ring of magical power (on tentacle)
Wands
 y - a wand of digging (8)
 B - a wand of flame (31)
 H - a wand of paralysis (12)
 O - a wand of acid (5)
 R - a wand of iceblast (8)
Scrolls
 a - 2 scrolls of summoning {unknown}
 c - 4 scrolls of fog
 g - 4 scrolls of enchant weapon
 h - 5 scrolls of teleportation
 m - 2 scrolls of amnesia
 u - 6 scrolls of enchant armour {unknown}
 w - 5 scrolls of noise
 z - 5 scrolls of blinking
 K - 5 scrolls of immolation {unknown}
 N - a scroll of acquirement {unknown}
 P - a scroll of torment
 U - a scroll of fear
 V - a scroll of magic mapping
Potions
 d - a potion of flight
 e - a potion of curing
 i - 2 potions of cancellation {unknown}
 j - 4 potions of brilliance
 k - a potion of invisibility
 n - 3 potions of mutation
 s - 6 potions of lignification
 t - 3 potions of attraction
 x - 2 potions of ambrosia
 A - 3 potions of degeneration {unknown}
 C - 2 potions of might {unknown}
 F - 3 potions of haste {unknown}
 T - a potion of berserk rage {unknown}


   Skills:
 - Level 2.0 Fighting
 - Level 4.0 Short Blades
 - Level 7.0 Dodging
 - Level 12.0 Stealth
 - Level 12.0 Spellcasting
 + Level 5.0 Conjurations
 - Level 5.0 Summonings
 - Level 5.0 Transmutations
 + Level 11.9 Earth Magic
 - Level 9.0 Invocations


You had 9 spell levels left.
You knew the following spells:

 Your Spells              Type           Power      Damage    Failure   Level
a - Sandblast             Erth           100%       2d20      0%          1
b - Mephitic Cloud        Conj/Pois/Air  30%        N/A       1%          3
m - Bolt of Magma         Conj/Fire/Erth 27%        4d13      2%          5
n - Shadow Creatures      Summ           N/A        N/A       17%         6
p - Petrify               Tmut/Erth      66%        N/A       1%          4
r - Stone Arrow           Conj/Erth      100%       3d13      1%          3
s - Statue Form           Tmut/Erth      44%        N/A       4%          6

Your spell library contained the following spells:

 Spells                   Type           Power      Damage    Failure   Level
 Magic Dart               Conj           100%       1d8       1%          1
 Call Imp                 Summ           51%        N/A       1%          2
 Ensorcelled Hibernation  Hex/Ice        38%        N/A       1%          2
 Passwall                 Tmut/Erth      55%        N/A       1%          2
 Searing Ray              Conj           100%       3d7       1%          2
 Dazzling Flash           Conj/Hex       72%        N/A       1%          3
 Spider Form              Tmut/Pois      18%        N/A       1%          3
 Frozen Ramparts          Ice            38%        1d5       2%          3
 Ice Form                 Ice/Tmut       36%        N/A       3%          4
 Summon Ice Beast         Ice/Summ       36%        N/A       3%          4
 Summon Lightning Spire   Summ/Air       36%        N/A       3%          4
 Animate Dead             Necr           9%         N/A       9%          4
 Metabolic Englaciation   Hex/Ice        9%         N/A       26%         5
 Lehudib's Crystal Spear  Conj/Erth      33%        10d8      86%         8
 Haunt                    Necr/Summ      18%        N/A       93%         7
 Storm Form               Tmut/Air       18%        N/A       93%         7
 Shatter                  Erth           39%        3d31*     99%         9
 Infestation              Necr           9%         N/A       100%        8
 Maxwell's Capacitive Co  Air            9%         ∞         100%        8


Dungeon Overview and Level Annotations

Branches:
Dungeon (12/15)            Temple (1/1) D:4            Lair (5/6) D:9
 Shoals (0/4) Lair:2       Spider (0/4) Lair:3          Orc (2/2) D:11
    Elf (0/3) Orc:2
  Slime: Lair:5-6

Altars:
Cheibriados
Fedhas
Gozag
Okawaru
Ru
Sif Muna
Trog
The Shining One
Beogh

Shops:
D:4 ?   D:5 =   Orc:1 ?   Orc:2 [[

Portals:
Abyss: D:11

Annotations:
D:5 exclusion: downstairs
D:8 2 transporters, Malachi's ghost, novice DjTm
D:9 exclusion: boulder beetle
D:11 2 transporters, Kala's ghost, journeyman DrTm
D:12 Nessos


Innate Abilities, Weirdness & Mutations

You are a living statue of rough stone.
Your actions are slow, but your melee attacks are powerful.
You are resistant to unholy torment.
Your maximum health is greatly increased.
You are immune to poison.
You cannot wear most types of armour.
You are amphibious.
You can wear up to eight rings at the same time.
Your skin changes colour to match your surroundings (Stealth+).
((Your rubbery body absorbs attacks. (AC +1, EV +1)))
((You are camouflaged near water. (Stealth+)))
You have tentacles for arms and can constrict up to eight enemies at once.


Message History

An orc comes into view. It is wielding a +4 dagger.
The orc knight unwields a +0 long sword.
The orc knight wields a +0 arbalest.
The orc knight shoots a bolt.
The bolt closely misses you.
The orc knight roars a battlecry!
The orcs go into a battle-frenzy!
The orc warrior closely misses you.
You hear a shout! x3
Your Conjurations skill increases to level 5!
Casting: Petrify (safe; 1% risk of failure)
Confirm with . or Enter, or press ? or * to list all spells.
Okay, then.
Unknown command.
Casting: Petrify (safe; 1% risk of failure)
Confirm with . or Enter, or press ? or * to list all spells.
Okay, then.
Casting: Petrify (safe; 1% risk of failure)
Confirm with . or Enter, or press ? or * to list all spells.
You miscast Shadow Creatures.
You are very lightly contaminated with residual magic.
Desperate hands claw out at you.
A nameless horror comes into view.
You hear a howl!
You hear a shout! x2
The sun demon hits you but does no damage.
The orc knight complains to no one in particular.
The orc warrior hits you but does no damage.
The orc warrior barely misses you. The sun demon hits you.
You are engulfed in flames!
You hear a shout!
Unknown command.
As you read the scroll of teleportation, it crumbles to dust.
You feel strangely unstable.
You hear a shout!
The sun demon hits you!
You are engulfed in flames!
The orc warrior hits you from afar with a +0 trident!
The orc warrior completely misses you. The sun demon hits you.
You are engulfed in flames!
* * * LOW HITPOINT WARNING * * *
The orc warrior hits you from afar with a +0 trident!!
You die...

######################
...........)..........
.......)..............
######..#######.###.## #
#..# #.# #.# #.
#..#######.###.## ..
#................
o.###o##..###.###.......
oo3o3o38X.# #..⌠...⌠
.o###o###.# #....... ..
#.# #.###'## #. #..
...#..... # #.## ###
#..... #.# #.._.. .#
###### .... ....


You could see 2 orc knights, a nameless horror, a sun demon (summoned), 2
sixfirhies, an orc sorcerer (strong), 2 orc warriors and 3 orcs.

Vanquished Creatures
  3 hydras
  2 two-headed ogres (D:11)
  A wolf spider (Lair:3)
  A lindwurm (Lair:4)
  7 orc knights
  An ugly thing (D:12)
  3 manticores
  A cyclops (D:11)
  2 orc sorcerers
  3 elephants (Lair:4)
  Joseph (D:7)
  5 black mambas
  A gargoyle (D:10)
  6 cane toads
  2 komodo dragons
  A freezing wraith (D:9)
  4 polar bears (Lair:2)
  3 trolls
  A snapping turtle (Lair:2)
  15 blink frogs
  A hornet (D:10)
  7 dream sheep (Lair:4)
  27 yaks
  2 wyverns
  A wraith (D:9)
  4 vampire mosquitoes (D:12)
  A steam dragon (D:10)
  10 wargs
  18 water moccasins
  Edmund (D:6)
  39 orc warriors
  9 ogres
  2 sky beasts
  2 ice beasts
  A necrophage (D:6)
  A wolf (Lair:5)
  3 black bears
  4 centaurs
  2 kobold brigands
  3 gnoll sergeants
  Blork the orc (D:6)
  12 bullfrogs
  3 scorpions
  11 killer bees
  8 wights
  2 electric eels
  5 howler monkeys
  A bullfrog zombie (D:5)
  4 hounds
  3 centaur zombies
  A gnoll shaman (D:9)
  3 jellies
  Crazy Yiuf (D:7)
  12 orc priests
  2 bullfrog skeletons
  An iguana (D:5)
  9 orc wizards
  4 hell rats (Lair:4)
  A killer bee zombie (D:7)
  A howler monkey zombie (D:9)
  Robin (D:2)
  7 adders
  14 gnolls
  A howler monkey skeleton (D:6)
  2 shadow imps
  2 white imps
  2 ufetubi (D:5)
  2 worms
  2 dart slugs (D:1)
  100 orcs
  5 bats
  9 endoplasms
  2 giant cockroaches
  17 goblins
  14 hobgoblins
  2 jackals (D:5)
  3 quokkas
  6 ball pythons
  8 frilled lizards
  21 kobolds
  5 rats
511 creatures vanquished.

Vanquished Creatures (others)
  An orc (Orc:1)
  47 fungi
  41 plants
  4 toadstools (D:8)
93 creatures vanquished.

Grand Total: 604 creatures vanquished

Notes
Turn   | Place    | Note
-------+----------+-------------------------------------------
     0 | D:1      | Atelerd the Octopode Earth Elementalist began the quest for
                  | the Orb.
     0 | D:1      | Reached XP level 1. HP: 11/11 MP: 3/3
   213 | D:1      | Reached XP level 2. HP: 11/17 MP: 5/5
   952 | D:1      | Found a faded altar of an unknown god.
  1456 | D:1      | Reached XP level 3. HP: 14/21 MP: 6/6
  2244 | D:2      | Noticed Robin
  2400 | D:2      | Killed Robin
  2401 | D:2      | Reached XP level 4. HP: 26/27 MP: 0/7
  3777 | D:3      | Learned a level 4 spell: Petrify
  4095 | D:3      | Found an opulent altar of Gozag.
  4112 | D:3      | Noticed a scorpion
  4118 | D:3      | Reached skill level 5 in Stealth
  4118 | D:3      | Reached XP level 5. HP: 19/31 MP: 6/9
  4336 | D:3      | Found a bloodstained altar of Trog.
  4909 | D:3      | Found a shimmering blue altar of Sif Muna.
  4934 | D:3      | Became a worshipper of Sif Muna the Loreminder
  5031 | D:4      | Reached XP level 6. HP: 36/36 MP: 8/10
  5287 | D:4      | Reached skill level 1 in Invocations
  5377 | D:4      | Found Ficlamu's Magic Scroll Shoppe.
  5389 | D:4      | Bought a scroll of blinking for 90 gold pieces
  5389 | D:4      | Bought a scroll of identify for 24 gold pieces
  5389 | D:4      | Bought a scroll of identify for 24 gold pieces
  5389 | D:4      | Bought a scroll of noise for 12 gold pieces
  5596 | D:4      | Found a staircase to the Ecumenical Temple.
  5597 | D:4      | Noticed an orc warrior
  5627 | D:4      | Killed an orc warrior
  5628 | D:4      | Reached XP level 7. HP: 35/41 MP: 4/12
  5713 | Temple   | Entered the Ecumenical Temple
  6002 | D:5      | Entered Level 5 of the Dungeon
  6007 | D:5      | Found a sacrificial altar of Ru.
  6013 | D:5      | Reached * piety under Sif Muna
  6049 | D:5      | Noticed a wyvern
  6354 | D:5      | Killed a wyvern
  6355 | D:5      | Reached skill level 5 in Earth Magic
  6451 | D:5      | Found Tuggaokk's Jewellery Shop.
  6720 | D:5      | Reached XP level 8. HP: 27/46 MP: 13/15
  7033 | D:5      | Reached skill level 5 in Spellcasting
  7044 | D:5      | Reached skill level 1 in Fighting
  7058 | D:5      | Reached skill level 1 in Short Blades
  7543 | D:6      | Noticed Blork the orc
  7828 | D:6      | Noticed Edmund
  7839 | D:6      | Killed Edmund
  7840 | D:6      | Reached skill level 5 in Dodging
  7866 | D:6      | Reached XP level 9. HP: 49/54 MP: 1/16
  8015 | D:6      | Reached ** piety under Sif Muna
  8280 | D:6      | Killed Blork the orc
  8925 | D:7      | Reached skill level 5 in Invocations
  9086 | D:7      | Noticed Joseph
  9095 | D:7      | Killed Joseph
  9096 | D:7      | Reached skill level 5 in Transmutations
  9281 | D:7      | Identified the +10 shortbow of Plog {freeze, Str+4 SInv}
  9473 | D:7      | Noticed a manticore
  9484 | D:7      | Killed a manticore
  9987 | D:7      | Found a runed translucent door.
  9988 | D:7      | Noticed Crazy Yiuf
  9998 | D:7      | Killed Crazy Yiuf
 10279 | D:8      | Found a blossoming altar of Fedhas.
 10502 | D:8      | Reached XP level 10. HP: 60/60 MP: 10/17
 10509 | D:8      | Reached *** piety under Sif Muna
 10747 | D:8      | Noticed a moth of wrath
 10892 | D:8      | Found a transporter.
 10898 | D:8      | Noticed Malachi's ghost (novice DjTm)
 11087 | D:8      | Found a transporter.
 11536 | D:9      | Found a glowing golden altar of the Shining One.
 11760 | D:9      | Reached skill level 10 in Stealth
 12508 | D:9      | Learned a level 3 spell: Stone Arrow
 12832 | D:9      | Reached **** piety under Sif Muna
 13020 | D:9      | Found a staircase to the Lair.
 13029 | D:9      | Identified the +8 flail of Bupomm {vorpal, +Blink Str+2}
 13061 | D:9      | Identified the +6 leather armour of Duck's Teeth {Will+
                  | Str+2 Int+3}
 13191 | D:5      | Bought the ring "Jejel" {Will+ MP+9} for 326 gold pieces
 13702 | D:9      | Noticed a two-headed ogre
 13702 | D:9      | Noticed a boulder beetle
 14122 | D:10     | Entered Level 10 of the Dungeon
 14135 | D:10     | Noticed a gargoyle
 14137 | D:10     | Killed a gargoyle
 14360 | D:10     | Found a snail-covered altar of Cheibriados.
 14796 | D:10     | Reached XP level 11. HP: 52/64 MP: 20/22
 14973 | D:10     | Found an iron altar of Okawaru.
 15254 | D:11     | Found a transporter.
 15343 | D:11     | Found a one-way gate to the infinite horrors of the Abyss.
 15343 | D:11     | Noticed a skeletal warrior
 15343 | D:11     | Noticed Kala's ghost (journeyman DrTm)
 15526 | D:11     | Noticed a two-headed ogre
 15534 | D:11     | Killed a two-headed ogre
 15646 | D:11     | Found a transporter.
 15795 | D:11     | Noticed a cyclops
 15804 | D:11     | Killed a cyclops
 16026 | D:11     | Noticed a two-headed ogre
 16037 | D:11     | Killed a two-headed ogre
 16185 | D:11     | Found a staircase to the Orcish Mines.
 16891 | D:11     | Reached ***** piety under Sif Muna
 17173 | D:11     | Received a gift from Sif Muna
 17199 | D:11     | Learned a level 6 spell: Statue Form
 17277 | D:12     | Reached skill level 1 in Conjurations
 17372 | D:12     | Noticed a manticore
 17379 | D:12     | Killed a manticore
 17380 | D:12     | Reached skill level 10 in Spellcasting
 17493 | D:12     | Noticed a brown ugly thing
 17494 | D:12     | Noticed a cyclops
 17497 | D:12     | Noticed a manticore
 17497 | D:12     | Noticed a four-headed hydra
 17572 | D:12     | Killed a manticore
 17809 | D:12     | Noticed Nessos
 17898 | D:12     | Killed a brown ugly thing
 18102 | D:12     | Noticed a deep elf archer
 18102 | D:12     | Noticed a deep elf knight
 18102 | D:12     | Noticed a deep elf zephyrmancer
 18102 | D:12     | Noticed a deep elf archer
 18379 | D:11     | Learned a level 6 spell: Shadow Creatures
 18385 | D:11     | Learned a level 5 spell: Bolt of Magma
 18515 | Lair:1   | Entered Level 1 of the Lair of Beasts
 18515 | Lair:1   | Noticed an eight-headed hydra
 18527 | D:9      | Killed an eight-headed hydra
 18528 | D:9      | Reached skill level 1 in Summonings
 18528 | D:9      | Reached XP level 12. HP: 61/70 MP: 20/26
 19371 | D:5      | Bought a +4 ring of evasion for 360 gold pieces
 20449 | Lair:2   | Reached skill level 5 in Summonings
 20679 | Lair:2   | Found a staircase to the Shoals.
 22104 | Lair:3   | Found a hole to the Spider Nest.
 22261 | Lair:3   | Reached XP level 13. HP: 74/74 MP: 27/27
 23501 | Lair:4   | Reached skill level 10 in Earth Magic
 25091 | D:4      | Bought a scroll of fear for 42 gold pieces
 25091 | D:4      | Bought a scroll of magic mapping for 42 gold pieces
 25530 | Lair:5   | Received a gift from Sif Muna
 25727 | Orc:1    | Entered Level 1 of the Orcish Mines
 25969 | Orc:1    | Paralysed by an orc sorcerer for 6 turns
 26052 | Orc:1    | Found Laoxuss's Magic Scroll Boutique.
 26066 | Orc:1    | Bought a scroll of identify for 28 gold pieces
 26066 | Orc:1    | Bought a scroll of blinking for 105 gold pieces
 26066 | Orc:1    | Bought a scroll of identify for 28 gold pieces
 26134 | Orc:1    | Learned a level 3 spell: Mephitic Cloud
 26559 | Orc:2    | Entered Level 2 of the Orcish Mines
 26928 | Orc:2    | Found a staircase to the Elven Halls.
 27098 | Orc:2    | Received a gift from Sif Muna
 27178 | Orc:2    | Got Sif Muna's Guide on Conjuration {god gift}
 27347 | Orc:2    | Reached XP level 14. HP: 80/81 MP: 30/30
 27665 | Orc:2    | Found Bigack's Armour Emporium.
 27665 | Orc:2    | Found Loodd's Antique Armour Shop.
 27769 | Orc:2    | Reached skill level 5 in Conjurations
 27770 | Orc:2    | Slain by an orc warrior

Illustrated notes

Levels and vault maps discovered:
D:1:      kilobyte_arrival_exit_the_forest, layout_loops_ring,
          basic_ecumenical_altar, minmay_distorted
D:2:      minmay_inner_zag, layout_basic, chequers_big_river, uniq_robin
D:3:      layout_basic, nicolae_gozag_cash_rules_everything_around_me,
          kennysheep_orc_sif_temple, trog_hazing_becter, minmay_checkerbox
D:4:      layout_basic, minmay_temple_entry_gardened_gates, serial_shops,
          shop_fountains, minmay_statues_item
D:5:      layout_basic, nicolae_ru_great_annihilating_truth, serial_shops,
          nicolae_shop_statue_plus
D:6:      layout_basic, minmay_puff, uniq_blork_the_orc, uniq_edmund
D:7:      layout_basic, uniq_crazy_yiuf_cottage, uniq_joseph
D:8:      layout_basic, mainiacjoe_overflow_catwalk,
          gammafunk_ghost_berserking_beasts, minmay_gold_behind_fungi
D:9:      minmay_the_grid_triangle_9x9_rhombus_full
          [minmay_the_grid_triangle_9x9_stretched_checkered,
          minmay_the_grid_triangle_9x9_wacky_v,
          minmay_the_grid_triangle_9x9_windchime,
          minmay_the_grid_triangle_9x9_swiss_cheese,
          minmay_the_grid_triangle_9x9_negative_grid,
          minmay_the_grid_triangle_9x9_empty,
          minmay_the_grid_triangle_9x9_impossible_snake,
          minmay_the_grid_triangle_9x9_prize_insulated], layout_gridville,
          amcnicky_altar_gilded, dpeg_oklobed_lair
D:10:     layout_basic, cheibrodos_worm_habitat, mainiacjoe_overflow_alcove_2,
          mumra_transporter_accident
D:11:     layout_roguey [special_room_orc], hiddenorc1_lemuel,
          gammafunk_ghost_abyssal_escape, kennysheep_generic_room_14
D:12:     evilmike_diamond_1, layout_irregular_city, uniq_nessos
Temple:   minmay_temple_curvy_branch
Lair:1:   layout_roguey, serial_bayou_shore_b, serial_bayou_shore_a,
          infiniplex_staircase_pool, grunt_megastairs_3
Lair:2:   layout_loops_ring, minmay_shoals_entry_hut, cheibrodos_lair_lostbears,
          serial_bayou_shore_b, infiniplex_staircase_pool_2
Lair:3:   layout_roguey, spider_nest_entry_rubble, serial_bayou_lake_a
Lair:4:   layout_loops_ring, minivault_25, beast_lair_carwin_2
Lair:5:   layout_loops_ring, slime_altar_1, gammafunk_ghost_wrathful_warriors
Orc:1:    layout_caves, serial_shops, nicolae_shop_waterfront, basic_altar
Orc:2:    st_orc_town, layout_diamond_mine, uniq_donald, uniq_maurice,
          uniq_saint_roka

Skill      XL: |  1  2  3  4  5  6  7  8  9 10 11 12 13 14 |
---------------+-------------------------------------------+-----
Stealth        | 3 4 5 8 10 12 | 12.0
Transmutations | 2 3 4 5 |  5.0
Spellcasting   | 3 4 5 7 10 12 | 12.0
Earth Magic    | 4 5 7 9 11 | 11.9
Invocations    | 2 3 4 6 7 8 9 |  9.0
Fighting       | 2 |  2.0
Short Blades   | 2 4 |  4.0
Dodging        | 5 6 7 |  7.0
Conjurations   | 2 4 5 |  5.0
Summonings     | 1 5 |  5.0

Action                   |  1- 3 |  4- 6 |  7- 9 | 10-12 | 13-15 || total
-------------------------+-------+-------+-------+-------+-------++-------
Melee: Unarmed           |    87 |       |       |       |       ||    87
       Constrict         |    24 |    30 |    41 |    61 |    41 ||   197
       Tentacles         |    15 |    16 |    29 |    52 |    32 ||   144
       Dagger            |    11 |   108 |   176 |   292 |   192 ||   779
 Cast: Sandblast         |    17 |    26 |    59 |    71 |    24 ||   197
       Petrify           |       |     2 |    35 |   108 |    77 ||   222
       Stone Arrow       |       |       |       |    78 |   117 ||   195
       Statue Form       |       |       |       |    13 |    19 ||    32
       Bolt of Magma     |       |       |       |     9 |     7 ||    16
       Mephitic Cloud    |       |       |       |       |     7 ||     7
Invok: Channel Magic     |       |       |       |     2 |     3 ||     5
  Use: Scroll            |       |     6 |     3 |     5 |     6 ||    20
       Potion            |       |     2 |     1 |     3 |       ||     6
 Stab: Sleeping          |     8 |    14 |     6 |    10 |     1 ||    39
       Distracted        |     2 |     1 |     1 |       |     1 ||     5
       Petrified         |       |     4 |    41 |    96 |    60 ||   201
       Petrifying        |       |       |     4 |    13 |     3 ||    20
       Confused          |       |       |       |       |     5 ||     5
Armor: Skin              |     7 |     3 |    10 |    99 |   177 ||   296
Dodge: Dodged            |    60 |    69 |   104 |   334 |   446 ||  1013
